 Dungeon Crawl Stone Soup version 0.16.1-51-g6203257 (webtiles) character file.

2796 poirepourri the Ducker (level 9, -4/89 HPs)
             Began as a Troll Fighter on Aug 8, 2015.
             Was a Priest of Okawaru.
             Slain by a centaur (9 damage)
             ... on level 8 of the Dungeon.
             The game lasted 00:20:56 (7099 turns).

poirepourri the Ducker (Troll Fighter)              Turns: 7099, Time: 00:20:57

Health: -4/89      AC:  6    Str: 28    XL:     9   Next: 43%
Magic:  6/6        EV: 11    Int:  4    God:    Okawaru [***...]
Gold:   208        SH: 11    Dex: 12    Spells: 0 memorised, 8 levels left

rFire  . . .     SeeInvis .     a - +2 flail
rCold  . . .     Clarity  .     b - +1 robe
rNeg   . . .     SustAb   .     c - +1 shield
rPois  +         Gourm    +     (helmet restricted)
rElec  .         Spirit   .     (no cloak)
rCorr  .         Warding  .     (gloves unavailable)
rMut   .         Stasis   .     (boots unavailable)
MR     .....                    (no amulet)
Stlth  +.........               (no ring)
                                k - ring of invisibility

@: not resistant to hostile enchantments, very unstealthy
A: unfitting armour, claws 3, agile 1, fast metabolism 3, gourmand, sense
surroundings 1, poison resistance, regeneration 2, shaggy fur 1, tough skin 2
a: Heroism, Renounce Religion, Evoke Invisibility


You were on level 8 of the Dungeon.
You worshipped Okawaru.
Okawaru was most pleased with you.
You were very full.

You visited 1 branch of the dungeon, and saw 8 of its levels.

You collected 377 gold pieces.
You spent 169 gold pieces at shops.

Inventory:

Hand weapons
 a - a +2 flail (weapon)
Armour
 b - a +1 robe (worn)
 c - a +1 shield (worn)
 l - a +0 pair of gloves
 s - a +0 ring mail
 w - a +0 pair of boots
Jewellery
 k - a ring of invisibility (left claw)
Scrolls
 d - 7 scrolls of remove curse
 e - a scroll of identify
 h - a scroll of enchant armour
 i - a scroll of teleportation
 r - 3 scrolls of noise
 t - a scroll of fog
 y - a scroll of enchant weapon
Potions
 g - a potion of flight
 n - a potion of lignification
 p - a potion of cure mutation
 z - a potion of cancellation
Comestibles
 f - 10 bread rations
 j - 2 beef jerkies
 m - 2 fruits
 o - 2 meat rations
 q - a royal jelly
 x - 3 chunks of flesh


   Skills:
 * Level 5.8 Fighting
 + Level 4.8 Maces & Flails
 + Level 2.6 Armour
 + Level 6.2 Dodging
 + Level 0.5 Stealth
 + Level 5.7 Shields
 + Level 1.8 Invocations


You had 8 spell levels left.
You didn't know any spells.

Dungeon Overview and Level Annotations

Branches:
Dungeon (8/15)             Temple (0/1) D:5
   Lair: D:8-11

Altars:
Makhleb
Okawaru
Yredelemnul

Shops:
D:5 !


Innate Abilities, Weirdness & Mutations

You are too large for most types of armour.
You have claws for hands.
Your metabolism is lightning-fast.
You like to eat raw meat.
You heal very quickly.
You are covered in fur (AC +1).
You have very tough skin (AC +2).
You are agile. (Dex +2)
You passively map a small area around you.
Your system is resistant to poisons.


Message History

You block the hound zombie's attack.
Unknown command.
Your shield prevents you from hitting the cyclops.
The cyclops is almost dead.
The centaur hits you.
* * * LOW HITPOINT WARNING * * *
The hound zombie barely misses you. The centaur completely misses you.
You block the cyclops' attack.
You sock the centaur!
The centaur is severely wounded.
The hound zombie closely misses you. You block the centaur's attack.
You block the hound zombie's attack. You block the centaur's attack.
The cyclops barely misses you.
Unknown command.
You thump the cyclops!
You kill the cyclops!
Okawaru is honoured by your kill. You block the bat's attack. x2
You block the hound zombie's attack. The centaur hits you!
You die...

......# .........#....>.#
##....##..#####.(#.###..#
.####..# . #.)#.# #..# ######
....##'#,..# #..#.###..#
#...<#
.......##...###..#.#....#
#.####
........#...(.#..#.....## #.#
........##......(#.#.#######.#
#........###...Zb#.#.#.......#
###........####c@#.#.#.#######
,##..........####.#.#.#
#...............#.#.#
##............#.#...# *
,#+##.........#.#####
####......#.# ###....#.# ,
,,##...#.# ,,#...#.#


You could see a centaur, a hound zombie and a bat.

Vanquished Creatures
  A cyclops (D:8)
  Prince Ribbit (D:8)
  A water moccasin (D:6)
  2 ice beasts
  2 sky beasts (D:6)
  A phantom (D:8)
  A centaur (D:8)
  3 ogres
  2 giant frogs
  Blork the orc (D:4)
  3 scorpions
  A crimson imp (D:7)
  2 goliath beetles (D:6)
  2 giant frog zombies
  2 orc priests
  2 electric eels (D:7)
  A gnoll shaman (D:8)
  A centaur skeleton (D:4)
  4 hounds
  4 worker ants
  3 orc wizards
  An iguana (D:4)
  Ijyb (D:4)
  2 hound skeletons
  4 gnolls (D:4)
  7 adders
  2 shadow imps
  3 giant mites
  2 worms
  An adder zombie (D:8)
  24 orcs
  3 ball pythons
  14 bats
  A bat skeleton (D:4)
  2 giant cockroaches
  13 hobgoblins
  11 jackals
  4 quokkas
  3 giant geckos
  3 giant newts (D:2)
  16 goblins
  7 kobolds
  9 rats
173 creatures vanquished.

Notes
Turn   | Place    | Note
--------------------------------------------------------------
     0 | D:1      | poirepourri, the Troll Fighter, began the quest for the Orb.
     0 | D:1      | Reached XP level 1. HP: 22/22 MP: 1/1
    90 | D:1      | Reached XP level 2. HP: 29/29 MP: 1/1
  1250 | D:2      | Reached XP level 3. HP: 11/36 MP: 2/2
  1502 | D:2      | Reached skill level 1 in Dodging
  1636 | D:2      | Found an iron altar of Okawaru.
  1656 | D:2      | Became a worshipper of Warmaster Okawaru
  1845 | D:3      | Reached XP level 4. HP: 44/44 MP: 2/2
  1923 | D:3      | Reached skill level 3 in Fighting
  2529 | D:3      | Gained mutation: Your system is resistant to poisons. [potion of beneficial mutation]
  2682 | D:4      | Reached XP level 5. HP: 44/53 MP: 2/2
  2734 | D:4      | Noticed an ogre
  2738 | D:4      | Killed an ogre
  2738 | D:4      | Acquired Okawaru's first power
  2738 | D:4      | Reached XP level 6. HP: 29/61 MP: 3/3
  3016 | D:4      | Noticed Blork the orc
  3030 | D:4      | Killed Blork the orc
  3030 | D:4      | Reached XP level 7. HP: 59/68 MP: 1/3
  3033 | D:4      | Reached skill level 4 in Shields
  3602 | D:4      | Noticed Ijyb
  3623 | D:4      | Killed Ijyb
  3874 | D:5      | Entered Level 5 of the Dungeon
  3940 | D:5      | Found a burning altar of Makhleb.
  4151 | D:5      | Found Groan's Distillery.
  4156 | D:5      | Bought a potion of heal wounds for 65 gold pieces
  4156 | D:5      | Bought a potion of heal wounds for 65 gold pieces
  4156 | D:5      | Bought a potion of curing for 39 gold pieces
  4254 | D:5      | Found a staircase to the Ecumenical Temple.
  4957 | D:6      | Reached XP level 8. HP: 78/78 MP: 3/3
  4973 | D:6      | Gained mutation: You passively map a small area around you. [mutagenic meat]
  4974 | D:6      | Gained mutation: You are agile. (Dex +2) [mutagenic meat]
  5235 | D:6      | Reached skill level 1 in Invocations
  5475 | D:7      | Found a basalt altar of Yredelemnul.
  5587 | D:7      | Reached skill level 5 in Dodging
  5754 | D:7      | Reached skill level 5 in Shields
  6536 | D:8      | Reached skill level 5 in Fighting
  6649 | D:8      | Noticed Prince Ribbit
  6844 | D:8      | Reached XP level 9. HP: 88/88 MP: 6/6
  6966 | D:8      | Killed Prince Ribbit
  7065 | D:8      | Noticed a cyclops
  7068 | D:8      | Reached skill level 6 in Dodging
  7093 | D:8      | HP: 4/88 [centaur (2)]
  7099 | D:8      | Killed a cyclops
  7099 | D:8      | Slain by a centaur

Action                   |  1- 3 |  4- 6 |  7- 9 || total
-------------------------+-------+-------+-------++-------
Melee: Flail             |   149 |   130 |   407 ||   686
       Unarmed           |     1 |       |       ||     1
Invok: Heroism           |       |     2 |     8 ||    10
  Use: Potion            |     2 |     5 |     7 ||    14
       Scroll            |     4 |     6 |    10 ||    20
  Eat: Chunk             |     7 |    13 |    33 ||    53
       Meat ration       |     2 |     1 |     1 ||     4
       Bread ration      |       |       |     1 ||     1
